 Dungeon Crawl Stone Soup version 0.26.0-18-gc5c842f807 (webtiles) character file.

Game seed: 14874289125949590132

577 kaeus the Firebug (level 7, -2/36 HPs)
             Began as a Gargoyle Fire Elementalist on Jan 23, 2021.
             Was a Follower of the Shining One.
             Slain by Crazy Yiuf
             ... wielding a +4 quarterstaff of chaos
              (8 damage)
             ... on level 4 of the Dungeon.
             The game lasted 00:05:24 (5393 turns).

kaeus the Firebug (Gargoyle Fire Elementalist)      Turns: 5393, Time: 00:05:24

Health: -2/36      AC: 10    Str: 11    XL:     7   Next: 35%
Magic:  12/12      EV: 12    Int: 18    God:    the Shining One [*.....]
Gold:   172        SH:  0    Dex: 10    Spells: 3/13 levels left

rFire    . . .     SeeInvis .   d - +5 dagger (holy)
rCold    . . .     Faith    .   (no shield)
rNeg     + . .     Spirit   .   a - +0 robe
rPois    ∞         Reflect  .   (no helmet)
rElec    +         Harm     .   (no cloak)
rCorr    .         Rampage  .   (no gloves)
Will     .....                  (no boots)
Stlth    +.........             (no amulet)
HPRegen  0.12/turn              g - +4 ring of protection
MPRegen  0.13/turn              (no ring)

@: very slightly contaminated, slowed, glowing, invisible (but backlit and
visible), very slow
A: negative energy resistance 1, electricity resistance, unbreathing,
petrification resistance, miasma immunity, AC +4
a: Renounce Religion


You were on level 4 of the Dungeon.
You worshipped the Shining One.
The Shining One was aware of your devotion.
You visited 1 branch of the dungeon, and saw 4 of its levels.

You collected 172 gold pieces.

Inventory:

Hand Weapons
 d - a +5 dagger of holy wrath (weapon)
Armour
 a - a +0 robe (worn)
Jewellery
 g - a +4 ring of protection (left hand)
Scrolls
 b - 2 scrolls of identify
 e - 2 scrolls of amnesia
 h - a scroll of magic mapping
 j - 3 scrolls of teleportation
 k - 3 scrolls of remove curse
Potions
 c - a potion of brilliance {unknown}
 f - a potion of lignification {unknown}
 i - a potion of curing {unknown}
 l - a potion of might {unknown}
 m - a potion of flight {unknown}


   Skills:
 - Level 1.5 Dodging
 - Level 2.1 Stealth
 + Level 3.9 Spellcasting
 + Level 4.2 Conjurations
 * Level 6.2 Fire Magic


You had 3 spell levels left.
You knew the following spells:

 Your Spells              Type           Power        Failure   Level
a - Foxfire               Conj/Fire      88%          1%          1
b - Sticky Flame          Conj/Fire      22%          17%         4
c - Fireball              Conj/Fire      11%          43%         5

Your spell library contained the following spells:

 Spells                   Type           Power        Failure   Level
 Conjure Flame            Conj/Fire      22%          5%          3
 Inner Flame              Hex/Fire       14%          12%         3


Dungeon Overview and Level Annotations

Branches:
Dungeon (4/15)             Temple (0/1) D:4

Altars:
Cheibriados
Elyvilon
Fedhas
Qazlal
Vehumet
The Shining One

Annotations:
D:4 Crazy Yiuf


Innate Abilities, Weirdness & Mutations

You are resistant to torment.
Your stone body is resilient. (AC +4)
You are immune to poison.
You resist negative energy. (rN+)
You are resistant to electric shocks. (rElec)
You can survive without breathing.
You are immune to petrification.
You are immune to miasma.


Message History

You become transparent, but the glow from your halo prevents you from becoming completely invisible.
You are very lightly contaminated with residual magic.
Crazy Yiuf twirls on the spot.
Crazy Yiuf hits you with a +4 quarterstaff of chaos!
* * * LOW HITPOINT WARNING * * *
Crazy Yiuf freezes you.
* * * LOW HITPOINT WARNING * * *
Crazy Yiuf hits you with a +4 quarterstaff of chaos.
* * * LOW HITPOINT WARNING * * *
Crazy Yiuf burns you.
* * * LOW HITPOINT WARNING * * *
You can move again.
You take 25 damage, and have 6/36 hp.
MASSIVE DAMAGE!!
MP restored: 12 You barely miss Crazy Yiuf.
Crazy Yiuf is severely wounded.
Crazy Yiuf hits you but does no damage.
Crazy Yiuf yells, "Defame spinner bag!"
Crazy Yiuf hits you with a +4 quarterstaff of chaos!
You die...

#................#.#.....#.....
#............#.#.#.........###.
#.#####......#.#.###.....#...##
### ############ #.....#.....
####.....#.....
♣♣♣♣♣##......#.#..... ###
♣♣♣)♣)...#.###.#.......
#)))#♣))♣)......# #.###.....
#.))')♣♣♣♣g@....# #.# ######
#)))#♣♣ ♣♣....## #.# ### ♣♣####
#.# ..# #.#


You could see Crazy Yiuf.

Vanquished Creatures
  Eustachio (D:4)
  A gnoll shaman (D:4)
  A hound (D:4)
  Jessica (D:2)
  4 worker ants (D:4)
  12 gnolls
  4 adders
  An ooze (D:4)
  A worm (D:2)
  2 dart slugs
  4 leopard geckos
  5 orcs (D:3)
  4 giant cockroaches
  9 goblins
  7 hobgoblins
  19 jackals
  A quokka (D:3)
  5 bats
  6 frilled lizards
  5 kobolds
  13 rats
106 creatures vanquished.

Vanquished Creatures (collateral kills)
  A foxfire (D:4)
1 creature vanquished.

Vanquished Creatures (others)
  398 foxfires
  A plant (D:4)
399 creatures vanquished.

Grand Total: 506 creatures vanquished

Notes
Turn   | Place    | Note
-------+----------+-------------------------------------------
     0 | D:1      | kaeus the Gargoyle Fire Elementalist began the quest for
                  | the Orb.
     0 | D:1      | Reached XP level 1. HP: 10/10 MP: 3/3
   369 | D:1      | Reached XP level 2. HP: 15/15 MP: 0/5
  1570 | D:2      | Found a radiant altar of Vehumet.
  1956 | D:2      | Reached XP level 3. HP: 19/19 MP: 1/6
  2239 | D:2      | Reached skill level 4 in Fire Magic
  2299 | D:2      | Reached XP level 4. HP: 24/24 MP: 2/7
  2472 | D:2      | Found a faded altar of an unknown god.
  2507 | D:2      | Found a white marble altar of Elyvilon.
  2512 | D:2      | Found a stormy altar of Qazlal.
  2548 | D:2      | Found a glowing golden altar of the Shining One.
  2603 | D:2      | Noticed Jessica
  2609 | D:2      | Killed Jessica
  2962 | D:2      | Became a worshipper of the Shining One
  3011 | D:3      | Found a blossoming altar of Fedhas.
  3424 | D:3      | Reached XP level 5. HP: 28/28 MP: 3/9
  4127 | D:4      | Found a staircase to the Ecumenical Temple.
  4181 | D:4      | Found a runed translucent door.
  4182 | D:4      | Noticed Crazy Yiuf
  4206 | D:4      | Found a snail-covered altar of Cheibriados.
  4319 | D:4      | Reached skill level 5 in Fire Magic
  4385 | D:4      | Reached XP level 6. HP: 32/32 MP: 5/10
  4561 | D:4      | Noticed Eustachio
  4572 | D:4      | Killed Eustachio
  4723 | D:4      | Reached XP level 7. HP: 36/36 MP: 6/12
  4951 | D:4      | Reached * piety under the Shining One
  5034 | D:4      | Reached skill level 6 in Fire Magic
  5305 | D:3      | Learned a level 4 spell: Sticky Flame
  5311 | D:3      | Learned a level 5 spell: Fireball
  5386 | D:4      | Paralysed by Crazy Yiuf for 7 turns
  5393 | D:4      | Slain by Crazy Yiuf

Illustrated notes

Levels and vault maps discovered:
D:1:      eino_arrival_druids_welcome, layout_basic
D:2:      layout_rooms, vehumet_crystals, minitemple,
          chequers_ecumenical_altar_grove, minmay_strange_pillars, uniq_jessica
D:3:      layout_rooms, lemuel_crystal_altar, serial_rivers,
          chequers_serial_rivers_large_a, chequers_serial_rivers_room_b,
          chequers_serial_rivers_small_b, chequers_serial_rivers_marsh,
          item_on_display_a
D:4:      lemuel_castle_with_subvaults [lemuel_castle_interior_carwin_2],
          layout_basic, nicolae_overflow_hidden_temple,
          minmay_temple_entry_slanted, uniq_crazy_yiuf_cottage,
          uniq_blork_the_orc, uniq_eustachio

Skill      XL: |  1  2  3  4  5  6  7 |
---------------+----------------------+-----
Conjurations   | 2 3 4 |  4.2
Fire Magic     | 4 5 6 |  6.2
Spellcasting   | 3 |  3.9
Dodging        | |  1.5
Stealth        | |  2.1

Action                   |  1- 3 |  4- 6 |  7- 9 || total
-------------------------+-------+-------+-------++-------
Melee: Unarmed           |     8 |       |       ||     8
       Dagger            |    46 |    54 |    21 ||   121
 Cast: Foxfire           |    71 |   137 |    40 ||   248
  Use: Scroll            |     3 |     5 |       ||     8
Armor: Robe              |    15 |    22 |     5 ||    42
Dodge: Dodged            |    46 |    27 |    12 ||    85
